 Dungeon Sprint DCSS version 0.19.0-18-g426998a (webtiles) character file.

33099 poirepourri the Ninja (level 13, -1/53 (57) HPs)
             Began as a Spriggan Enchanter on Nov 11, 2016.
             Was the Champion of Dithmenos.
             Engulfed by a cloud of foul pestilence (3 damage)
             ... in the Dungeon (Sprint I: "Red Sonja").
             The game lasted 00:15:37 (6559 turns).

poirepourri the Ninja (Spriggan Enchanter)          Turns: 6559, Time: 00:15:38

HP:   -1/53 (57)    AC:  7    Str:  8    XL:     13   Next: 35%
MP:   36/36         EV: 30    Int: 18    God:    Dithmenos [******]
Gold: 1784          SH: 10    Dex: 20    Spells: 5 memorised, 37 levels left

rFire  . . .     SeeInvis +     a - +1 dagger
rCold  . . .     Gourm    .     m - +1 robe {Archmagi}
rNeg   . . .     Faith    .     s - +3 buckler of Disappointment {Str+4}
rPois  .         Spirit   .     (helmet restricted)
rElec  .         Reflect  .     z - +1 cloak
rCorr  +         Harm     .     (gloves unavailable)
MR     ++...     NoTele   +     (boots unavailable)
Stlth  ++++++++++               (no amulet)
                                u - +2 ring of protection
                                f - ring of resist corrosion

@: lethally poisoned (-1 -> -125), non-regenerating, badly diseased, slowed,
wreathed by umbra, quick
A: unfitting armour, see invisible, herbivore 3, speed 3, slow metabolism 2
a: Shadow Step, Shadow Form, Renounce Religion


You were in the Dungeon.
You worshipped Dithmenos.
Dithmenos was exalted by your worship.
You were not hungry.

You visited 1 branch You collected 3838 gold pieces.
You spent 2054 gold pieces at shops.

Inventory:

Hand Weapons
 a - a +1 dagger (weapon)
 w - a +4 blowgun
Armour
 e - the +1 cloak "Milodak" {+Fly rC- Str+7}
   (You found it in the Dungeon)

   It affects your strength (+7).
   It makes you vulnerable to cold.
   It lets you fly.
 m - a +1 robe of the Archmagi (worn)
 n - a +2 robe of magic resistance
 s - the +3 buckler of Disappointment (worn) {Str+4}
   (You found it in the Dungeon)

   It affects your strength (+4).
 z - a +1 cloak (worn)
Jewellery
 b - the ring "Sisanotu" {MR+ AC+4 Int+3 Dex-2 Stlth+, unknown}
   (You found it in the Dungeon)

   [ring of protection]

   It affects your AC (+4).
   It affects your intelligence (+3).
   It affects your dexterity (-2).
   It affects your resistance to hostile enchantments.
   It makes you more stealthy.
 f - a ring of resist corrosion (left hand)
 u - a +2 ring of protection (right hand)
Wands
 l - a wand of disintegration (0/24)
 r - a wand of disintegration (12/24)
Potions
 g - a potion of haste
 h - 2 potions of magic
 i - a potion of berserk rage
 k - 2 potions of cancellation
 o - 2 potions of cure mutation
 p - 2 potions of might {unknown}
 q - a potion of invisibility
Books
 c - a book of Maledictions

   Spells                             Type                      Level
   a - Corona                         Hexes                        1
   b - Ensorcelled Hibernation        Hexes/Ice                    2
   c - Confuse                        Hexes                        3
   d - Tukima's Dance                 Hexes                        3
   e - Dazzling Spray                 Conjuration/Hexes            3
 v - a book of Minor Magic

   Spells                             Type                      Level
   a - Magic Dart                     Conjuration                  1
   b - Blink                          Translocation                2
   c - Call Imp                       Summoning                    2
   d - Repel Missiles                 Charms/Air                   2
   e - Slow                           Hexes                        2
   f - Conjure Flame                  Conjuration/Fire             3
   g - Mephitic Cloud                 Conjuration/Poison/Air       3
Comestibles
 d - 2 bread rations


   Skills:
 - Level 1.3 Fighting
 + Level 11.6 Short Blades
 + Level 13.2 Dodging
 O Level 27 Stealth
 + Level 3.3 Shields
 + Level 18.8 Spellcasting
 + Level 5.6 Conjurations
 + Level 19.8 Hexes
 - Level 4.0 Ice Magic
 + Level 6.9 Invocations


You had 37 spell levels left.
You knew the following spells:

 Your Spells              Type           Power        Failure   Level  Hunger
a - Corona                Hex            #######      0%          1    None
b - Ensorcelled Hibernat  Hex/Ice        ######       1%          2    None
c - Confuse               Hex            #######.     0%          3    None
d - Tukima's Dance        Hex            #######.     0%          3    None
e - Dazzling Spray        Conj/Hex       ######       1%          3    None


Dungeon Overview and Level Annotations

Branches:
Dungeon (1/1)

Altars:
Cheibriados
Dithmenos
Elyvilon
Fedhas
Gozag
Hepliaklqana
Kikubaaqudgha
Makhleb
Nemelex Xobeh
Okawaru
Qazlal
Ru
Sif Muna
Trog
Uskayaw
Vehumet
Xom
Yredelemnul
Zin
The Shining One
Jiyva
Lugonu

Shops:
D :!(![!}(:**[[[}}(?([%(

Annotations:
D Lom Lobon, Tiamat


Innate Abilities, Weirdness & Mutations

You are very small and have problems with some larger weapons.
You are too small for most types of armour.
You have supernaturally acute eyesight. (SInv)
You are a herbivore.
You cover ground extremely quickly.
You need consume almost no food.


Message History

You feel ill.
You feel yourself slow down.
You feel sick.
You are engulfed in dark miasma.
You are lethally poisoned!
You feel your flesh rotting away!
You feel ill.
You feel very sick.
You are engulfed in dark miasma.
You are more poisoned.
You feel very sick.
You found an arrow trap!
You are engulfed in dark miasma.
You are more poisoned.
* * * LOW HITPOINT WARNING * * *
You feel very sick.
You are engulfed in dark miasma.
You are more poisoned.
* * * LOW HITPOINT WARNING * * *
x2 You feel extremely sick.
You are engulfed in dark miasma.
You are more poisoned.
You feel as though you will be slow longer.
You die...

....≈####%....)...###§§§.#≈≈≈≈≈##
...≈≈##.()....#####§§§§####≈≈≈≈#≈
.≈≈≈###....).##..§§§§§§#..#'≈≈≈+§
≈≈### #[....##.§§§§§§§§#...##≈≈#§
##'####.....#....§§§§§.#....#####
###∩∩############§§§§.§#....#≈≈§§
∩∩∩∩###≈≈≈≈≈≈≈≈d#§§§§§^#######§§§
##### ###########§§§§§.'::#)&§§§§
#..0..+...@§§§.§§#|\'}.#.§§
###########################


There were no monsters in sight!

Vanquished Creatures
  the Lernaean hydra (D)
  A golden dragon (D)
  A shadow dragon (D)
  4 fire giants (D)
  A deep elf annihilator (D)
  A mummy priest (D)
  A hydra (D)
  2 centaur warriors (D)
  Sonja (D)
  7 unseen horrors (D)
  A deep troll (D)
  A lindwurm (D)
  2 oklob plants (D)
  8 shining eyes (D)
  2 sirens (D)
  2 gargoyles (D)
  2 kobold demonologists (D)
  A hellwing (D)
  4 demonic crawlers (D)
  A hornet (D)
  A slime creature (D)
  2 redbacks (D)
  Sigmund (D)
  A yak (D)
  13 hogs (D)
  7 floating eyes (D)
  7 necrophages (D)
  An ogre (D)
  8 jellies (D)
  Ijyb (D)
  2 ballistomycetes (D)
  A ballistomycete spore (D)
89 creatures vanquished.

Vanquished Creatures (others)
  A deep elf master archer (D)
  4 hornets (D)
  2 ball lightnings (D)
  A ballistomycete spore (D)
8 creatures vanquished.

Grand Total: 97 creatures vanquished

Notes
Turn   | Place    | Note
-------+----------+-------------------------------------------
     0 | D        | poirepourri the Spriggan Enchanter began the quest for the Orb.
     0 | D        | Reached XP level 1. HP: 9/9 MP: 5/5
     1 | D        | Noticed Ijyb
    25 | D        | Killed Ijyb
    25 | D        | Reached skill level 7 in Stealth
    25 | D        | Reached skill level 5 in Hexes
    25 | D        | Reached XP level 2. HP: 8/13 MP: 5/7
   181 | D        | Learned a level 2 spell: Ensorcelled Hibernation
   184 | D        | Noticed an ogre
   193 | D        | Killed an ogre
   193 | D        | Reached skill level 5 in Dodging
   193 | D        | Reached skill level 9 in Stealth
   193 | D        | Reached skill level 5 in Spellcasting
   193 | D        | Reached skill level 1 in Ice Magic
   193 | D        | Reached XP level 3. HP: 16/16 MP: 1/10
   193 | D        | Reached XP level 4. HP: 21/21 MP: 1/12
   356 | D        | Learned a level 3 spell: Confuse
   360 | D        | Learned a level 3 spell: Tukima's Dance
   364 | D        | Learned a level 3 spell: Dazzling Spray
   367 | D        | Noticed Sigmund
   378 | D        | Killed Sigmund
   378 | D        | Reached skill level 11 in Stealth
   378 | D        | Reached XP level 5. HP: 24/24 MP: 10/14
   404 | D        | Found a deep blue altar of Sif Muna.
   406 | D        | Found a radiant altar of Vehumet.
   410 | D        | Reached XP level 6. HP: 28/28 MP: 13/16
   444 | D        | Found Ricajuts's Distillery.
   444 | D        | Found an ancient bone altar of Kikubaaqudgha.
   444 | D        | Found a hazy altar of Hepliaklqana.
   444 | D        | Found a stormy altar of Qazlal.
   444 | D        | Found a hide-covered altar of Uskayaw.
   444 | D        | Found a blossoming altar of Fedhas.
   444 | D        | Found a bloodstained altar of Trog.
   444 | D        | Found an iron altar of Okawaru.
   444 | D        | Found a basalt altar of Yredelemnul.
   444 | D        | Found a glowing golden altar of the Shining One.
   444 | D        | Found a snail-covered altar of Cheibriados.
   444 | D        | Found a sacrificial altar of Ru.
   444 | D        | Found a glowing silver altar of Zin.
   444 | D        | Found a shadowy altar of Dithmenos.
   444 | D        | Found a white marble altar of Elyvilon.
   444 | D        | Noticed a yak
   450 | D        | Killed a yak
   450 | D        | Reached skill level 13 in Stealth
   450 | D        | Reached skill level 10 in Hexes
   451 | D        | Found an opulent altar of Gozag.
   452 | D        | Found a sparkling altar of Nemelex Xobeh.
   460 | D        | Became a worshipper of Dithmenos the Shadowed
   550 | D        | Noticed a centaur warrior
   550 | D        | Noticed a centaur warrior
   560 | D        | Found a burning altar of Makhleb.
   560 | D        | Found a viscous altar of Jiyva.
   560 | D        | Found a shimmering altar of Xom.
   560 | D        | Found a corrupted altar of Lugonu.
   560 | D        | Noticed a slime creature
   568 | D        | Killed a slime creature
   568 | D        | Reached XP level 7. HP: 32/32 MP: 12/18
   620 | D        | Noticed Sonja
   624 | D        | Killed Sonja
   624 | D        | Reached skill level 5 in Short Blades
   624 | D        | Reached skill level 15 in Stealth
   624 | D        | Reached XP level 8. HP: 37/37 MP: 18/21
   635 | D        | Noticed a deep troll
   639 | D        | Killed a deep troll
   639 | D        | Reached * piety under Dithmenos
   639 | D        | Reached skill level 10 in Dodging
   639 | D        | Reached skill level 16 in Stealth
   645 | D        | Found Joegh's Armour Emporium.
   650 | D        | Bought a +0 robe of the Archmagi for 332 gold pieces
   696 | D        | Killed a centaur warrior
   696 | D        | Reached skill level 1 in Fighting
   696 | D        | Reached skill level 17 in Stealth
   696 | D        | Reached skill level 10 in Spellcasting
   696 | D        | Reached XP level 9. HP: 30/41 MP: 20/24
   705 | D        | Killed a centaur warrior
   705 | D        | Reached skill level 18 in Stealth
   819 | D        | Reached ** piety under Dithmenos
   819 | D        | Reached skill level 19 in Stealth
   888 | D        | Noticed an oklob plant
   890 | D        | Killed an oklob plant
   925 | D        | Reached *** piety under Dithmenos
   925 | D        | Reached skill level 20 in Stealth
   925 | D        | Reached XP level 10. HP: 45/45 MP: 26/26
   935 | D        | Reached **** piety under Dithmenos
   950 | D        | Reached ***** piety under Dithmenos
   954 | D        | Noticed an unseen horror
   955 | D        | Noticed an unseen horror
   964 | D        | Killed an unseen horror
   964 | D        | Reached skill level 21 in Stealth
   965 | D        | Killed an unseen horror
   965 | D        | Reached skill level 22 in Stealth
   965 | D        | Reached skill level 1 in Conjurations
  1127 | D        | Found Yzigagot's Weapon Shoppe.
  1127 | D        | Found Zishotet's Gadget Shop.
  1127 | D        | Found Peantemi's Book Boutique.
  1129 | D        | Found Kiesk's General Store.
  1129 | D        | Found Feuwawn's Assorted Antiques.
  1129 | D        | Found Nemew's Armour Shoppe.
  1129 | D        | Found Oshruq's Antique Armour Boutique.
  1129 | D        | Found Jegom's Antique Armour Emporium.
  1129 | D        | Found Uxkiog's Gadget Shop.
  1129 | D        | Found Juett's Gadget Shoppe.
  1133 | D        | Found Xepsogh's Weapon Boutique.
  1134 | D        | Found Uggakah's Antique Weapon Emporium.
  1134 | D        | Found Suapni's Magic Scroll Boutique.
  1135 | D        | Found Okkage's Food Emporium.
  1137 | D        | Bought a sapphire ring for 135 gold pieces
  1140 | D        | Bought a glowing robe for 134 gold pieces
  1149 | D        | Bought a scroll of identify for 26 gold pieces
  1149 | D        | Bought a scroll of identify for 26 gold pieces
  1151 | D        | Bought a scroll of magic mapping for 45 gold pieces
  1152 | D        | Bought a bread ration for 50 gold pieces
  1152 | D        | Bought a bread ration for 50 gold pieces
  1445 | D        | Found Veosofo's Book Boutique.
  1490 | D        | Noticed a rust devil
  1491 | D        | Reached ****** piety under Dithmenos
  1492 | D        | Noticed a sixfirhy
  1496 | D        | Reached skill level 23 in Stealth
  1744 | D        | Noticed a lindwurm
  1746 | D        | Killed a lindwurm
  1746 | D        | Reached skill level 24 in Stealth
  1746 | D        | Reached XP level 11. HP: 49/49 MP: 28/28
  1787 | D        | Reached skill level 25 in Stealth
  2011 | D        | Noticed a 12-headed hydra
  2013 | D        | Killed a 12-headed hydra
  2236 | D        | Noticed a shining eye
  2236 | D        | Noticed a shining eye
  2236 | D        | Noticed a shining eye
  2237 | D        | Noticed a shining eye
  2237 | D        | Noticed a shining eye
  2237 | D        | Noticed a shining eye
  2237 | D        | Noticed a shining eye
  2237 | D        | Noticed a shining eye
  2238 | D        | Killed a shining eye
  2239 | D        | Killed a shining eye
  2239 | D        | Reached skill level 26 in Stealth
  2239 | D        | Reached skill level 15 in Hexes
  2241 | D        | Killed a shining eye
  2242 | D        | Killed a shining eye
  2244 | D        | Killed a shining eye
  2247 | D        | Killed a shining eye
  2249 | D        | Killed a shining eye
  2249 | D        | Reached skill level 27 in Stealth
  2254 | D        | Paralysed by a floating eye for 3 turns
  2260 | D        | Killed a shining eye
  2262 | D        | Paralysed by a floating eye for 3 turns
  2268 | D        | Paralysed by a floating eye for 2 turns
  2273 | D        | Paralysed by a floating eye for 4 turns
  2281 | D        | Paralysed by a floating eye for 3 turns
  2290 | D        | Paralysed by a floating eye for 4 turns
  2299 | D        | Paralysed by a floating eye for 2 turns
  2435 | D        | Found Agreac's Distillery.
  2435 | D        | Found Tes Pakk's Distillery.
  2435 | D        | Found Noprepeu's Antique Weapon Emporium.
  2436 | D        | Found Zukunk's Armour Shop.
  2444 | D        | Bought a potion of heal wounds for 60 gold pieces
  2444 | D        | Bought a potion of heal wounds for 60 gold pieces
  2516 | D        | Bought 2 coppery potions for 48 gold pieces
  2516 | D        | Bought a scroll of identify for 54 gold pieces
  2590 | D        | Bought a potion of flight for 39 gold pieces
  2640 | D        | Noticed a daeva
  2644 | D        | Noticed an unseen horror
  2644 | D        | Noticed an unseen horror
  2644 | D        | Noticed an unseen horror
  2644 | D        | Noticed an unseen horror
  2647 | D        | Killed an unseen horror
  2648 | D        | Noticed an unseen horror
  2649 | D        | Killed an unseen horror
  2651 | D        | Killed an unseen horror
  2651 | D        | Reached skill level 15 in Spellcasting
  2651 | D        | Reached XP level 12. HP: 53/53 MP: 30/32
  2939 | D        | Got a crude buckler
  3127 | D        | Identified the +3 buckler of Disappointment {Str+4} (You found it in the Dungeon)
  3139 | D        | Noticed a fire giant
  3142 | D        | Noticed a fire giant
  3142 | D        | Noticed a fire giant
  3142 | D        | Noticed a fire giant
  3143 | D        | Killed a fire giant
  3143 | D        | Reached skill level 10 in Short Blades
  3145 | D        | Killed a fire giant
  3171 | D        | Killed a fire giant
  3232 | D        | Killed a fire giant
  3232 | D        | Reached skill level 5 in Invocations
  3364 | D        | Noticed Tiamat
  3437 | D        | Noticed a deep elf annihilator
  3438 | D        | Noticed a mummy priest
  3447 | D        | Noticed the 27-headed Lernaean hydra
  3644 | D        | Noticed a deep elf master archer
  3645 | D        | Killed the 27-headed Lernaean hydra
  3979 | D        | Killed a deep elf master archer
  4259 | D        | Killed a mummy priest
  4259 | D        | Reached XP level 13. HP: 57/57 MP: 6/35
  4259 | D        | Noticed a reaper
  4409 | D        | Killed a deep elf annihilator
  4419 | D        | Got an ancient cloak
  4564 | D        | Bought a potion of invisibility for 104 gold pieces
  4600 | D        | Bought a potion of cancellation for 96 gold pieces
  4600 | D        | Bought a potion of flight for 36 gold pieces
  4604 | D        | Bought a potion of flight for 36 gold pieces
  4677 | D        | Bought a scroll of identify for 20 gold pieces
  4678 | D        | Bought a metal-bound book for 405 gold pieces
  4687 | D        | Bought a glowing blowgun for 246 gold pieces
  4688 | D        | Bought a scroll of identify for 26 gold pieces
  4688 | D        | Bought a scroll of identify for 26 gold pieces
  4729 | D        | Identified the +1 cloak "Milodak" {+Fly rC- Str+7} (You found it in the Dungeon)
  5072 | D        | Noticed a shadow dragon
  5072 | D        | Noticed a golden dragon
  5074 | D        | Killed a shadow dragon
  5075 | D        | Killed a golden dragon
  5075 | D        | Reached skill level 5 in Conjurations
  5099 | D        | Found Cuduarom's Antique Weapon Shoppe.
  6001 | D        | Got a fine tin ring
  6005 | D        | Noticed Lom Lobon
  6008 | D        | Got a warped mace
  6558 | D        | HP: 2/53 [poison (dark miasma)]
  6559 | D        | Engulfed by a cloud of foul pestilence

Skill      XL: |  1  2  3  4  5  6  7  8  9 10 11 12 13 |
---------------+----------------------------------------+-----
Dodging        | 4 5 6 7 8 9 10 11 12 13 | 13.2
Stealth        | 7 9 11 13 15 17 20 24 27 | 27.0
Spellcasting   | 3 5 6 7 8 10 11 12 15 17 18 | 18.8
Hexes          | 5 7 9 10 12 13 14 16 18 19 | 19.8
Ice Magic      | 1 2 3 4 |  4.0
Short Blades   | 2 4 5 6 7 9 11 | 11.6
Fighting       | 1 |  1.3
Conjurations   | 2 4 5 |  5.6
Invocations    | 6 |  6.9
Shields        | 2 3 |  3.3

Action                   |  1- 3 |  4- 6 |  7- 9 | 10-12 | 13-15 || total
-------------------------+-------+-------+-------+-------+-------++-------
Melee: Dagger            |    23 |    16 |    12 |   146 |     4 ||   201
 Cast: Ensorcelled Hiber |     3 |     5 |     2 |    21 |       ||    31
       Confuse           |       |     1 |     1 |    10 |     1 ||    13
       Dazzling Spray    |       |       |       |    25 |    15 ||    40
Invok: Shadow Step       |       |       |       |    10 |     1 ||    11
       Shadow Form       |       |       |       |     1 |       ||     1
Evoke: Wand              |       |       |       |       |     1 ||     1
  Use: Potion            |       |       |     1 |     7 |     3 ||    11
       Scroll            |       |       |     1 |     7 |     7 ||    15
 Stab: Sleeping          |     2 |     3 |     8 |    46 |     2 ||    61
       Confused          |       |     2 |     2 |    10 |       ||    14
       Invisible         |       |       |       |     1 |     1 ||     2
  Eat: Bread ration      |       |       |       |     1 |       ||     1
Armor: Robe              |     4 |     1 |       |     1 |    11 ||    17
Dodge: Dodged            |    13 |    10 |     8 |    56 |     2 ||    89
Block: Buckler           |       |       |       |    11 |     3 ||    14
